 Dungeon Sprint DCSS version 0.23.2-1-ga50397a6bc (webtiles) character file.

Game seed: 14051511171050190862

989 Kobolds4U the Unseen (level 7, -1/33 HPs)
             Began as a Spriggan Assassin on May 22, 2019.
             Was a Follower of Dithmenos.
             Slain by a hellwing (8 damage)
             ... summoned by a kobold demonologist
             ... in the Dungeon (Sprint I: "Red Sonja").
             The game lasted 00:01:13 (120 turns).

Kobolds4U the Unseen (Spriggan Assassin)             Turns: 120, Time: 00:01:13

Health: -1/33      AC:  3    Str:  7    XL:     7   Next: 98%
Magic:  8/8        EV: 28    Int: 13    God:    Dithmenos [*.....]
Gold:   405        SH:  0    Dex: 19    Spells: 6/6 levels left

rFire    . . .     SeeInvis +   n - +1 dagger (elec)
rCold    . . .     Gourm    .   (shield restricted)
rNeg     . . .     Faith    .   c - +0 robe
rPois    .         Spirit   .   (helmet restricted)
rElec    .         Reflect  .   d - +0 cloak
rCorr    .         Harm     .   (gloves unavailable)
MR       +....     NoTele   +   (boots unavailable)
Stlth    +++++++++.             (no amulet)
HPRegen  0.11/turn              (no ring)
MPRegen  0.11/turn              (no ring)

@: lethally poisoned (-1 -> -37), wreathed by umbra, very quick
A: very small, unfitting armour, see invisible, herbivore, speed 3, slow
metabolism 2
a: Renounce Religion


You were in the Dungeon.
You worshipped Dithmenos.
Dithmenos was aware of your devotion.
You were not hungry.

You visited 1 branch You collected 405 gold pieces.

Inventory:

Hand Weapons
 a - a +2 dagger
 b - a +0 blowgun
 n - a +1 dagger of electrocution (weapon)
Missiles
 e - 8 poisoned needles
 f - 2 curare-tipped needles
Armour
 c - a +0 robe (worn)
 d - a +0 cloak (worn)
Scrolls
 m - a scroll of blinking
 p - a scroll of remove curse {unknown}
Potions
 h - a potion of curing
 i - a potion of heal wounds
 j - a potion of haste
 k - 2 potions of magic
 l - a potion of berserk rage
 o - a potion of ambrosia {unknown}
Comestibles
 g - a ration


   Skills:
 - Level 1.5 Fighting
 - Level 2.1 Short Blades
 + Level 5.9 Throwing
 * Level 11.3 Dodging
 - Level 20.5 Stealth


You had 6 spell levels left.
You didn't know any spells.
Your spell library contained the following spells:

 Spells                   Type           Power        Failure   Level  Hunger
 Beastly Appendage        Tmut           #.....       30%         1    ##.....
 Sticks to Snakes         Tmut           #.......     43%         2    ###....
 Spider Form              Tmut/Pois      #.........   67%         3    ####...
 Ice Form                 Ice/Tmut       #.......     97%         4    #####..
 Blade Hands              Tmut           #.........   100%        5    ######.


Dungeon Overview and Level Annotations

Branches:
Dungeon (1/1)

Altars:
Cheibriados
Dithmenos
Elyvilon
Fedhas
Gozag
Hepliaklqana
Kikubaaqudgha
Makhleb
Nemelex Xobeh
Okawaru
Qazlal
Ru
Sif Muna
Trog
Uskayaw
Vehumet
Wu Jian
Xom
Yredelemnul
Zin
The Shining One
Jiyva
Lugonu

Shops:
D %


Innate Abilities, Weirdness & Mutations

You are very small and have problems with some larger weapons.
You are too small for most types of armour.
You have supernaturally acute eyesight. (SInv)
You are a herbivore.
You cover ground extremely quickly.
You need to consume almost no food.


Message History

You hit the floating eye.
The floating eye is lightly wounded.
You feel sick.
The kobold demonologist hits you with a +2 dagger of venom.
You are lethally poisoned!
You hit the floating eye.
The floating eye is moderately wounded.
You feel sick. The hellwing completely misses you. The hellwing hits you!
* * * LOW HITPOINT WARNING * * *
The kobold demonologist hits you but does no damage.
You are more poisoned.
You hit the floating eye but do no damage.
Lightning courses through the floating eye!
You kill the floating eye!
Dithmenos accepts your kill.
You are shrouded in an aura of darkness!
Your Dodging skill increases to level 11!
* * * LOW HITPOINT WARNING * * *
You feel sick. The hellwing hits you!
You die...

###################
..#.)'..#__#..'.@K#
.)'..#..'..'..#.4.#
#'#####'#__####)..+
..#...#.#### #####
###..##.# __##'#_.+
..†'..._# __##_.#'#
__###+#.#


You could see a hellwing and a kobold demonologist.

Vanquished Creatures
  A kobold demonologist (D)
  A slime creature (D)
  Sigmund (D)
  A yak (D)
  A floating eye (D)
  An ogre (D)
  A jelly (D)
  Ijyb (D)
8 creatures vanquished.

Notes
Turn   | Place    | Note
-------+----------+-------------------------------------------
     0 | D        | Kobolds4U the Spriggan Assassin began the quest for the
                  | Orb.
     0 | D        | Reached XP level 1. HP: 10/10 MP: 2/2
     1 | D        | Noticed Ijyb
     4 | D        | Killed Ijyb
     4 | D        | Reached skill level 10 in Stealth
     4 | D        | Reached XP level 2. HP: 14/14 MP: 3/3
     8 | D        | Noticed an ogre
    11 | D        | Killed an ogre
    11 | D        | Reached skill level 14 in Stealth
    11 | D        | Reached XP level 3. HP: 18/18 MP: 4/4
    11 | D        | Reached XP level 4. HP: 22/22 MP: 5/5
    21 | D        | Noticed Sigmund
    24 | D        | Killed Sigmund
    24 | D        | Reached skill level 18 in Stealth
    24 | D        | Reached XP level 5. HP: 25/25 MP: 6/6
    24 | D        | Reached XP level 6. HP: 30/30 MP: 7/7
    36 | D        | Found an ornate altar of the Wu Jian Council.
    36 | D        | Found a deep blue altar of Sif Muna.
    38 | D        | Found a radiant altar of Vehumet.
    72 | D        | Found Goomimnu's Food Emporium.
    72 | D        | Found an ancient bone altar of Kikubaaqudgha.
    72 | D        | Found a hazy altar of Hepliaklqana.
    72 | D        | Found a hide-covered altar of Uskayaw.
    72 | D        | Found a basalt altar of Yredelemnul.
    72 | D        | Found an opulent altar of Gozag.
    72 | D        | Found a snail-covered altar of Cheibriados.
    72 | D        | Found a sacrificial altar of Ru.
    72 | D        | Found a shadowy altar of Dithmenos.
    72 | D        | Noticed a yak
    73 | D        | Found a stormy altar of Qazlal.
    73 | D        | Found a blossoming altar of Fedhas.
    73 | D        | Found a bloodstained altar of Trog.
    73 | D        | Found an iron altar of Okawaru.
    73 | D        | Found a glowing golden altar of the Shining One.
    73 | D        | Found a glowing silver altar of Zin.
    73 | D        | Found a white marble altar of Elyvilon.
    74 | D        | Killed a yak
    74 | D        | Reached skill level 20 in Stealth
    75 | D        | Found a sparkling altar of Nemelex Xobeh.
    81 | D        | Became a worshipper of Dithmenos the Shadowed
    94 | D        | Found a viscous altar of Jiyva.
    94 | D        | Found a corrupted altar of Lugonu.
    94 | D        | Noticed a slime creature
    95 | D        | Found a burning altar of Makhleb.
    95 | D        | Found a shimmering altar of Xom.
    97 | D        | Killed a slime creature
    97 | D        | Reached XP level 7. HP: 33/33 MP: 8/8
   109 | D        | Noticed a kobold demonologist
   110 | D        | Noticed a kobold demonologist
   112 | D        | Killed a kobold demonologist
   112 | D        | Reached skill level 5 in Throwing
   112 | D        | Reached skill level 10 in Dodging
   118 | D        | Noticed a hellwing
   120 | D        | Reached * piety under Dithmenos
   120 | D        | Slain by a hellwing

Skill      XL: |  1  2  3  4  5  6  7 |
---------------+----------------------+-----
Stealth        | 10 14 18 20 | 20.5
Throwing       | 4 5 |  5.9
Dodging        | 7 11 | 11.3
Fighting       | |  1.5
Short Blades   | |  2.1

Action                   |  1- 3 |  4- 6 |  7- 9 || total
-------------------------+-------+-------+-------++-------
Melee: Dagger            |     2 |     4 |     8 ||    14
 Stab: Sleeping          |     2 |     4 |     1 ||     7
Armor: Robe              |       |       |     1 ||     1
Dodge: Dodged            |       |       |     2 ||     2
